 Dungeon Crawl Stone Soup version 0.29-a0-231-g945431f764 (webtiles) character file.

Game seed: 5269076842277615172

13120 horus123 the Destroyer (level 11, -1/54 HPs)
             Began as a Deep Elf Conjurer on Feb 28, 2022.
             Was a Believer of Vehumet.
             Slain by a boulder beetle (14 damage)
             ... on level 11 of the Dungeon.
             The game lasted 00:37:27 (16186 turns).

horus123 the Destroyer (Deep Elf Conjurer)         Turns: 16186, Time: 00:37:28

Health: -1/54      AC: 10    Str:  4    XL:     11   Next: 71%
Magic:  0/25       EV: 15    Int: 30    God:    Vehumet [**....]
Gold:   500        SH:  0    Dex: 13    Spells: 3/26 levels left

rFire   + . .      SeeInvis +   j - +1 dagger (vorpal)
rCold   . . .      Faith    .   y - orb {light}
rNeg    . . .      Spirit   .   m - +3 leather armour of Dice, Bag, and Bottle {+Blink rCorr Int+2 SInv}
rPois   .          Reflect  .   (no helmet)
rElec   .          Harm     .   h - +2 cloak
rCorr   +          Rampage  .   (no gloves)
Will    +....                   z - +0 pair of boots
Stlth   +.........              (no amulet)
HPRegen 0.18/turn               f - +4 ring of evasion
MPRegen 0.19/turn               r - ring of protection from fire

@: glowing
A: no striking features
a: Renounce Religion, Evoke Blink


You were on level 11 of the Dungeon.
You worshipped Vehumet.
Vehumet was pleased with you.
You visited 2 branches of the dungeon, and saw 12 of its levels.

You collected 500 gold pieces.

Inventory:

Hand Weapons
 j - a +1 vorpal dagger (weapon)
Missiles
 d - a throwing net
Armour
 h - a +2 cloak (worn)
 m - the +3 leather armour of Dice, Bag, and Bottle (worn) {+Blink rCorr Int+2 SInv}
   (You found it on level 3 of the Dungeon)

   Int:       It affects your intelligence (+2).
   SInv:      It lets you see invisible.
   +Blink:    It lets you blink.
   rCorr:     It protects you from acid and corrosion.
 y - an orb of light (worn)
 z - a +0 pair of boots (worn)
Jewellery
 f - a +4 ring of evasion (left hand)
 r - a ring of protection from fire (right hand)
Wands
 l - a wand of flame (15)
 p - a wand of digging (8)
 s - a wand of paralysis (11)
 C - a wand of polymorph (3)
Scrolls
 e - 3 scrolls of vulnerability
 u - a scroll of fear
 x - a scroll of blinking
 A - 2 scrolls of fog
 B - 2 scrolls of teleportation
Potions
 a - 2 potions of attraction {unknown}
 b - 5 potions of haste
 c - a potion of ambrosia {unknown}
 g - 2 potions of mutation {unknown}
 i - 5 potions of curing
 k - 2 potions of might {unknown}
 n - 2 potions of heal wounds {unknown}
 o - a potion of invisibility {unknown}
 q - 2 potions of flight {unknown}
 t - a potion of magic {unknown}
 v - 2 potions of berserk rage {unknown}


   Skills:
 - Level 2.4 Dodging
 - Level 2.4 Stealth
 - Level 8.1 Spellcasting
 + Level 13.2 Conjurations
 - Level 8.2 Hexes
 - Level 8.0 Necromancy
 - Level 8.1 Translocations
 - Level 8.0 Fire Magic


You had 3 spell levels left.
You knew the following spells:

 Your Spells              Type           Power      Damage    Failure   Level
a - Magic Dart            Conj           100%       1d8       1%          1
b - Searing Ray           Conj           100%       2d8       1%          2
c - Iskenderun's Mystic   Conj/Tloc      66%        2d14      1%          4
d - Fulminant Prism       Conj/Hex       33%        3d16      1%          4
e - Vampiric Draining     Necr           57%        2d10      1%          3
f - Corpse Rot            Necr/Air       72%        N/A       2%          2
g - Starburst             Conj/Fire      33%        6d10      14%         6
h - Foxfire               Conj/Fire      100%       2x1d9     1%          1

Your spell library contained the following spells:

 Spells                   Type           Power      Damage    Failure   Level
 Slow                     Hex            100%       N/A       1%          1
 Confusing Touch          Hex            58%        N/A       1%          3
 Dazzling Flash           Conj/Hex       100%       N/A       1%          3
 Beastly Appendage        Tmut           24%        N/A       8%          1
 Poisonous Vapours        Pois/Air       24%        N/A       12%         2
 Wereblood                Tmut           12%        N/A       12%         2
 Spider Form              Tmut/Pois      12%        N/A       22%         3
 Lightning Bolt           Conj/Air       25%        1d41      14%         5
 Dispersal                Tloc           28%        N/A       38%         6
 Airstrike                Air            6%         N/A       58%         4
 Summon Lightning Spire   Summ/Air       12%        N/A       58%         4
 Disjunction              Tloc           28%        N/A       100%        8


Dungeon Overview and Level Annotations

Branches:
Dungeon (11/15)            Temple (1/1) D:7            Lair (0/6) D:9
    Orc (0/2) D:9

Altars:
Cheibriados
Dithmenos
Elyvilon
Fedhas
Gozag
Hepliaklqana
Makhleb
Nemelex Xobeh
Okawaru
Qazlal
Ru
Sif Muna
Uskayaw
Vehumet
Wu Jian
Yredelemnul
Zin

Shops:
D:4 (   D:10 *

Annotations:
D:4 2 runed translucent doors


Message History

Aiming: Throw Flame
Press: ? - help, Shift-Dir - straight line, f/p - boulder beetle
Aim: a boulder beetle (heavily wounded, 100% to hit)
The puff of flame hits the boulder beetle but does no damage.
The boulder beetle is heavily wounded.
The boulder beetle leaps!
Casting: Fulminant Prism (dangerous; 1% risk of failure)
Confirm with . or Enter, or press ? or * to list all spells.
Aiming: Fulminant Prism (dangerous; 1% risk of failure)
Press: ? - help, Dir - move target, p - boulder beetle You conjure a prism of explosive energy!
A fulminant prism comes into view.
Your fulminant prism crackles loudly.
Your fulminant prism explodes!
The blast of energy engulfs the boulder beetle!
The boulder beetle is severely wounded.
Casting: Fulminant Prism (dangerous; 1% risk of failure)
Confirm with . or Enter, or press ? or * to list all spells.
Okay, then.
Aiming: Paralyse
Press: ? - help, Shift-Dir - straight line, f - boulder beetle
Aim: a boulder beetle (severely wounded, haloed, chance to affect: 31%)
The boulder beetle easily resists.
The boulder beetle curls into a ball and begins rolling!
Aiming: Polymorph
Press: ? - help, Shift-Dir - straight line, f/p - boulder beetle
Aim: a boulder beetle (severely wounded, rolling, haloed, will become an alligator, a sea snake, or an anaconda, chance to affect: 31%)
Okay, then.
Unknown command.
The boulder beetle completely misses you.
The boulder beetle stops rolling and uncurls.
Casting: Fulminant Prism (dangerous; 1% risk of failure)
Confirm with . or Enter, or press ? or * to list all spells.
You erupt in a blast of force!
The mystic blast hits the boulder beetle.
The boulder beetle is severely wounded.
The boulder beetle bites you!!
* * * LOW HITPOINT WARNING * * *
It was a potion of curing.
You feel better. The boulder beetle bites you!
You die...

...................###########...
.............B.....# #.).
...................# #...
...........#######.# #...
..#######..#.....#.# #...
#.'.....#..#.....#°# #...
###.....#..#.....#°# #... #
###..§'..#+##'##.# #... #
#...#.......@B.###########...
#?.##...#........................
#..##...#....#############.......
#.?##...#....# #....... #
###...#....# #....... #
#...#....# #.######
#########....# #†#.....
#............######## #.#.....
....................######.#.....


You could see a boulder beetle.

Vanquished Creatures
  A boulder beetle (D:11)
  3 two-headed ogres
  Urug (D:11)
  A gargoyle (D:11)
  A kobold demonologist (D:10)
  A komodo dragon (D:9)
  A hornet (D:9)
  Prince Ribbit (D:7)
  3 wyverns
  2 shadows (D:10)
  Sigmund (D:5)
  5 steam dragons
  16 yaks
  5 vampire mosquitoes (D:11)
  Edmund (D:5)
  3 acid dragons
  3 water moccasins
  2 orc warriors (D:9)
  2 sky beasts
  2 black bears
  2 ice beasts
  5 ogres
  5 centaurs
  3 kobold brigands
  A gnoll sergeant (D:8)
  3 bullfrogs
  2 necrophages
  3 scorpions
  7 wights (D:8)
  3 killer bees (D:9)
  8 howler monkeys
  A hound (D:7)
  A jelly (D:6)
  3 orc priests
  2 iguanas
  7 orc wizards
  8 adders
  12 gnolls
  A shadow imp (D:8)
  3 dart slugs
  16 orcs
  2 ball pythons
  2 endoplasms (D:4)
  6 giant cockroaches
  9 goblins
  2 hobgoblins
  2 quokkas
  2 bats (D:1)
  4 frilled lizards (D:1)
  14 kobolds
  3 rats
197 creatures vanquished.

Vanquished Creatures (others)
  23 fulminant prisms
  14 fungi (D:9)
  19 plants (D:9)
56 creatures vanquished.

Grand Total: 253 creatures vanquished

Notes
Turn   | Place    | Note
-------+----------+-------------------------------------------
     0 | D:1      | horus123 the Deep Elf Conjurer began the quest for the Orb.
     0 | D:1      | Reached XP level 1. HP: 10/10 MP: 6/6
   263 | D:1      | Reached XP level 2. HP: 15/15 MP: 7/9
   284 | D:1      | Learned a level 2 spell: Searing Ray
   877 | D:2      | Reached XP level 3. HP: 19/19 MP: 7/11
  1008 | D:2      | Reached skill level 5 in Spellcasting
  1335 | D:2      | Found an iron altar of Okawaru.
  1828 | D:3      | Identified the +3 leather armour of Dice, Bag, and Bottle
                  | {+Blink rCorr Int+2 SInv}
  2214 | D:3      | Reached XP level 4. HP: 24/24 MP: 10/14
  2495 | D:3      | Noticed a scorpion
  2499 | D:3      | Killed a scorpion
  2500 | D:3      | Reached XP level 5. HP: 28/28 MP: 9/16
  2751 | D:3      | Learned a level 4 spell: Iskenderun's Mystic Blast
  2756 | D:3      | Learned a level 4 spell: Fulminant Prism
  2760 | D:3      | Learned a level 3 spell: Vampiric Draining
  2763 | D:3      | Learned a level 2 spell: Corpse Rot
  2766 | D:3      | Learned a level 2 spell: Poisonous Vapours
  2960 | D:4      | Found a large runed translucent door.
  2961 | D:4      | Found a large runed translucent door.
  3177 | D:4      | Reached XP level 6. HP: 32/32 MP: 5/19
  3178 | D:4      | Reached skill level 5 in Conjurations
  3509 | D:4      | Found Xitempun's Weapon Emporium.
  4001 | D:5      | Entered Level 5 of the Dungeon
  4179 | D:5      | Noticed Sigmund
  4180 | D:5      | Identified the +1 chain mail of Juacupp {Rampage Int-4
                  | Dex+6}
  4187 | D:5      | Killed Sigmund
  4188 | D:5      | Reached skill level 6 in Conjurations
  4324 | D:5      | Noticed an ice beast
  4329 | D:5      | Killed an ice beast
  4330 | D:5      | Reached skill level 7 in Conjurations
  4330 | D:5      | Reached XP level 7. HP: 28/36 MP: 12/20
  4394 | D:5      | Found a shimmering blue altar of Sif Muna.
  4394 | D:5      | Noticed Edmund
  4403 | D:5      | Killed Edmund
  4493 | D:5      | Reached skill level 8 in Conjurations
  4673 | D:5      | Reached skill level 1 in Necromancy
  5355 | D:6      | Reached XP level 8. HP: 35/41 MP: 12/22
  5630 | D:6      | Reached skill level 5 in Necromancy
  6174 | D:6      | Reached skill level 1 in Hexes
  6763 | D:7      | Reached skill level 5 in Hexes
  6878 | D:7      | Reached XP level 9. HP: 45/45 MP: 17/23
  7301 | D:7      | Found a staircase to the Ecumenical Temple.
  7335 | Temple   | Entered the Ecumenical Temple
  7367 | Temple   | Became a worshipper of Vehumet
  7470 | D:7      | Noticed Prince Ribbit
  7475 | D:7      | Killed Prince Ribbit
  8323 | D:8      | Reached skill level 5 in Translocations
  8972 | D:8      | Reached * piety under Vehumet
  8972 | D:8      | Offered knowledge of Sandblast by Vehumet.
  9165 | D:8      | Reached XP level 10. HP: 40/50 MP: 6/24
  9593 | D:8      | Learned a level 6 spell: Starburst
  9939 | D:9      | Noticed a two-headed ogre
  9951 | D:9      | Killed a two-headed ogre
  9952 | D:9      | Reached skill level 9 in Conjurations
 10180 | D:9      | Reached skill level 1 in Fire Magic
 10252 | D:9      | Noticed a two-headed ogre
 10274 | D:9      | Killed a two-headed ogre
 10275 | D:9      | Reached skill level 5 in Fire Magic
 11562 | D:9      | Found a staircase to the Lair.
 11726 | D:9      | Found a staircase to the Orcish Mines.
 12113 | D:10     | Entered Level 10 of the Dungeon
 12139 | D:10     | Reached XP level 11. HP: 54/54 MP: 10/25
 12646 | D:10     | Found Gozag's Platinum Reserve.
 12653 | D:10     | Found an opulent altar of Gozag.
 12742 | D:10     | Reached skill level 10 in Conjurations
 13152 | D:10     | Reached ** piety under Vehumet
 13174 | D:10     | Offered knowledge of Foxfire by Vehumet.
 13558 | D:10     | Reached skill level 11 in Conjurations
 13630 | D:10     | Learned a level 1 spell: Foxfire
 13774 | D:11     | Noticed a boulder beetle
 14361 | D:11     | Noticed Urug
 14371 | D:11     | Killed Urug
 14624 | D:11     | Noticed a boulder beetle
 14634 | D:11     | HP: 2/54 [boulder beetle (52)]
 14958 | D:11     | Noticed a two-headed ogre
 15010 | D:11     | Killed a two-headed ogre
 15011 | D:11     | Reached skill level 12 in Conjurations
 15369 | D:11     | Found a glowing silver altar of Zin.
 15577 | D:11     | Killed a boulder beetle
 15994 | D:11     | Reached skill level 13 in Conjurations
 16186 | D:11     | Slain by a boulder beetle

Illustrated notes

Levels and vault maps discovered:
D:1:      kennysheep_arrival_forest, layout_loops_ring, st_stairs_6,
          minmay_misc_feat_pillars
D:2:      layout_basic, basic_altar
D:3:      layout_basic
D:4:      minmay_chambers_of_fours, layout_cave_pools, jmf_multi_god_temple2,
          serial_shops, nicolae_shop_statue_plus
D:5:      layout_loops_ring, lemuel_doored_altar, uniq_edmund, uniq_sigmund
D:6:      layout_cave_pods, columned_hall_lemuel
D:7:      layout_loops_ring, minmay_temple_entry_junction, uniq_prince_ribbit1
D:8:      layout_layer_cave, ebering_dispersal_statue_hall
D:9:      layout_basic, grunt_lair_entry_orc_guard_hut, orc_0_dummy,
          grunt_ministairs_4, due_unseen_surprise
D:10:     kennysheep_blocky_hall, layout_long_grid,
          nicolae_gozag_zags_fifth_avenue
D:11:     layout_irregular_city, zin_scriptorium, uniq_urug
Temple:   compressed_dpeg_circular_temple

Skill      XL: |  1  2  3  4  5  6  7  8  9 10 11 |
---------------+----------------------------------+-----
Spellcasting   | 4 6 7 8 |  8.1
Conjurations   | 7 8 9 13 | 13.2
Necromancy     | 4 8 |  8.0
Hexes          | 5 8 |  8.2
Translocations | 7 8 |  8.1
Fire Magic     | 8 |  8.0
Dodging        | |  2.4
Stealth        | |  2.4

Action                   |  1- 3 |  4- 6 |  7- 9 | 10-12 || total
-------------------------+-------+-------+-------+-------++-------
Melee: Dagger            |       |       |     3 |    14 ||    17
 Cast: Magic Dart        |    44 |    57 |    99 |    56 ||   256
       Searing Ray       |     2 |    13 |    48 |    56 ||   119
       Corpse Rot        |       |       |     3 |       ||     3
       Iskenderun's Myst |       |       |     7 |    65 ||    72
       Fulminant Prism   |       |       |     4 |    19 ||    23
       Vampiric Draining |       |       |     3 |       ||     3
       Starburst         |       |       |       |     5 ||     5
Evoke: Wand              |       |       |     4 |    10 ||    14
  Use: Scroll            |     3 |     4 |     7 |     1 ||    15
       Potion            |       |       |       |     3 ||     3
Armor: Robe              |     1 |       |       |       ||     1
       Leather armour    |       |     8 |    16 |    24 ||    48
Dodge: Dodged            |     3 |    14 |    53 |    89 ||   159

Table legend: (Time is in decaauts)
 A = Elapsed time spent in this place.
 B = Non-inter-level travel time spent in this place.
 C = Inter-level travel time spent in this place.
 D = Time resting spent in this place.
 E = Time spent auto-exploring this place.
 F = Levels seen in this place.
 G = Mean time per level.
                   A        B        C        D        E       F      G
               +--------+--------+--------+--------+--------+-----+--------+
         Total |  16176 |  15639 |    537 |   4942 |   8903 |  12 | 1348.0 |
       Dungeon |  16115 |  15606 |    509 |   4942 |   8886 |  11 | 1465.0 |
        Temple |     60 |     32 |     28 |      0 |     17 |   1 |   60.0 |
               +--------+--------+--------+--------+--------+-----+--------+

Top non-repeatable levels by time:
    D:10: 2265 daAuts
     D:8: 2230 daAuts
     D:9: 2049 daAuts
     D:6: 1464 daAuts
     D:7: 1426 daAuts
    D:11: 1413 daAuts
     D:5: 1236 daAuts
     D:4: 1222 daAuts
     D:3: 1049 daAuts
     D:2: 921 daAuts
     D:1: 836 daAuts
  Temple: 60 daAuts
